 Dungeon Crawl Stone Soup version 0.32-a0-841-g4648e6c457 (webtiles) character file.

Game seed: 9871360192701890792

105 ezpacito the Trooper (level 4, -6/35 HPs)
             Began as a Coglin Chaos Knight on Mar 26, 2024.
             Was a Plaything of Xom.
             Mangled by an orc
             ... wielding a +0 flail
              (8 damage)
             ... on level 3 of the Dungeon.
             The game lasted 00:01:30 (1928 turns).

ezpacito the Trooper (Coglin Chaos Knight)          Turns: 1928, Time: 00:01:31

Health: -6/35      AC:  6    Str: 14    XL:     4   Next: 81%
Magic:  5/5        EV: 10    Int: 11    God:    Xom [.*....]
Gold:   71         SH:  0    Dex: 14    Spells: 4/4 levels left

rFire   . . .        a - +0 hand axe (chaos) {Agam}
rCold   . . .        d - +0 dagger {Yume}
rNeg    . . .        b - +2 leather armour
rPois   .            (no helmet)
rElec   .            m - +0 cloak
rCorr   .            (no gloves)
SInv    .            (no boots)
Will    .....        (amulet unavailable)
Stlth   +            (ring unavailable)
HPRegen 0.25/turn    (ring unavailable)
MPRegen 0.09/turn    (no gizmo)

%: no passive effects
@: revved
A: off-hand wielding, slow wielding, warmup strikes, no jewellery
a: Invent Gizmo, Renounce Religion


You were on level 3 of the Dungeon.
You worshipped Xom.
You were a plaything of Xom.
You visited 1 branch of the dungeon, and saw 3 of its levels.

You collected 71 gold pieces.

Inventory:

Hand Weapons
 a - a +0 hand axe of chaos (weapon) {Agam}
 d - a +0 dagger (offhand) {Yume}
Armour
 b - a +2 leather armour (worn)
 m - a +0 cloak (worn)
Wands
 l - a wand of acid (5)
Scrolls
 f - a scroll of teleportation {unknown}
 g - 2 scrolls of identify {unknown}
 h - a scroll of summoning {unknown}
 j - a scroll of immolation {unknown}
 k - a scroll of enchant armour {unknown}
 p - a scroll of revelation {unknown}
Potions
 e - a potion of mutation {unknown}
 i - a potion of invisibility {unknown}
 n - a potion of might {unknown}
 o - a potion of brilliance {unknown}


   Skills:
 * Level 3.4 Fighting
 * Level 3.3(3.5) Axes
 + Level 1.0(2.2) Polearms
 * Level 2.3 Armour
 * Level 1.6 Dodging
 + Level 0.9 Stealth
 + Level 0.9 Spellcasting
 + Level 1.3 Evocations


You had 4 spell levels left.
You didn't know any spells.
Your spell library contained the following spells:

 Spells                   Type           Power      Damage    Failure   Level
 Slow                     Hex            0%         N/A       38%         1
 Confusing Touch          Hex            0%         N/A       77%         3
 Vampiric Draining        Necr           0%         2d6       77%         3


Dungeon Overview and Level Annotations

Branches:
Dungeon (3/15)

Altars:


Innate Abilities, Weirdness & Mutations

You can wield a second weapon in your off-hand.
It takes a long time for you to wield or remove held weapons.
Your first few attacks do less damage.
You cannot equip rings or amulets.


Message History

You barely miss the orc with your +0 hand axe of chaos.
The ball python bites your butterfly.
Your butterfly dies!
Your butterfly disappears in a burst of colours!
The orc closely misses your butterfly.
The orc closely misses something.
The orc hits you but does no damage. The ball python bites your butterfly.
Your butterfly dies!
Your butterfly disappears in a burst of colours!
The orc completely misses your butterfly.
The orc closely misses your butterfly. The orc hits you but does no damage.
Things that are here:
a +0 short sword; a +0 ring mail The orc closely misses your butterfly.
The orc hits you with a +0 flail.
* * * LOW HITPOINT WARNING * * *
The ball python closely misses your butterfly.
The ball python barely misses your butterfly.
You take 1 damage, and have 1/35 hp.
The orc barely misses you.
There is a stone staircase leading up here.
You hit the orc with your +0 dagger.
The orc is moderately wounded.
You closely miss the orc with your +0 hand axe of chaos.
Something barely misses the ball python.
The orc hits you but does no damage.
You closely miss the orc with your +0 dagger.
The orc is moderately wounded.
You barely miss the orc with your +0 hand axe of chaos.
The orc hits you but does no damage.
The ball python completely misses your butterfly.
The ball python barely misses your butterfly.
The orc misses you.
You hit the orc but do no damage.
The orc is moderately wounded.
You hit the orc with your +0 hand axe of chaos.
You kill the orc!
You hit the orc with your +0 dagger. The orc hits you but does no damage.
The ball python barely misses your butterfly.
The ball python closely misses your butterfly.
The orc hits you with a +0 flail!
You die...

...b..o...bbb.. #
##..b..b...b...
..##...o§b§§b.b...
....#.Sbbb†§....>
#..bbbbb##
###..bbb#
##)b.b##..
####o)bbbb...
#...@.bbbb...
#......b......
#.............
#######.......
....... ......
####


You could see an orc (fast), a ball python (ally target) and a neutral orc
(distracted, ally target).

Vanquished Creatures
  An orc priest (D:3)
  Crazy Yiuf (D:2)
  An adder (D:2)
  A ribbon worm (D:2)
  A dart slug (D:1)
  2 orcs (D:3)
  5 ball pythons (D:2)
  4 bats
  3 endoplasms
  2 giant cockroaches
  4 goblins
  A hobgoblin (D:2)
  A frilled lizard (D:1)
  3 kobolds
  3 rats (D:2)
33 creatures vanquished.

Vanquished Creatures (others)
  An orc (D:3)
  A quokka (D:3)
2 creatures vanquished.

Grand Total: 35 creatures vanquished

Notes
Turn   | Place    | Note
-------+----------+-------------------------------------------
     0 | D:1      | ezpacito the Coglin Chaos Knight began the quest for the
                  | Orb.
     0 | D:1      | Reached XP level 1. HP: 18/18 MP: 1/1
   109 | D:1      | Reached skill level 1 in Dodging
   520 | D:1      | Reached XP level 2. HP: 21/24 MP: 2/2
   583 | D:1      | XOM: divination: detect creatures
   857 | D:2      | XOM: silly message
  1023 | D:2      | XOM: god gift: wand of acid (5)
  1101 | D:2      | Found a faded altar of an unknown god.
  1104 | D:2      | Reached XP level 3. HP: 29/29 MP: 3/3
  1283 | D:2      | XOM is BORED!
  1390 | D:2      | XOM: summons 1 hostile shadow creature
  1625 | D:2      | Found a runed translucent door.
  1626 | D:2      | Noticed Crazy Yiuf
  1820 | D:2      | XOM: swap monsters
  1823 | D:2      | Killed Crazy Yiuf
  1824 | D:2      | Reached XP level 4. HP: 23/35 MP: 3/5
  1911 | D:3      | XOM: confusion
  1913 | D:3      | XOM: fog
  1915 | D:3      | Reached skill level 1 in Polearms
  1915 | D:3      | Reached skill level 1 in Evocations
  1924 | D:3      | HP: 1/35 [orc/+0 flail (2)]
  1928 | D:3      | Mangled by an orc

Illustrated notes

Levels and vault maps discovered:
D:1:      onia_arrival_mini_maze_b, layout_loops_ring, roderic_serpentine_path,
          hangedman_glass_teeth
D:2:      layout_loops_corners, nicolae_ecumenical_snake_handling,
          uniq_crazy_yiuf_cottage
D:3:      wander_river, layout_rooms, cheibrodos_sewer_entry_sluice,
          grunt_decor_arrowhead

Skill      XL: |  1  2  3  4 |
---------------+-------------+-----
Dodging        | 1 |  1.6
Armour         | 2 |  2.3
Polearms       | 1 |  1.0
Evocations     | 1 |  1.3
Fighting       | |  3.4
Axes           | |  3.3
Stealth        | |  0.9
Spellcasting   | |  0.9

Action                     |  1- 3 |  4- 6 || total
---------------------------+-------+-------++-------
  Melee: Hand axe          |    41 |    11 ||    52
         Dagger            |    41 |    10 ||    51
    Use: Potion            |       |     2 ||     2
         Scroll            |       |     1 ||     1
   Stab: Sleeping          |     1 |       ||     1
         Paralysed         |     2 |       ||     2
 Armour: Leather armour    |    22 |    32 ||    54
  Dodge: Dodged            |    22 |    22 ||    44

Table legend: (Time is in decaauts)
 A = Elapsed time spent in this place.
 B = Non-inter-level travel time spent in this place.
 C = Inter-level travel time spent in this place.
 D = Time resting spent in this place.
 E = Time spent auto-exploring this place.
 F = Levels seen in this place.
 G = Mean time per level.
                   A        B        C        D        E       F      G
               +--------+--------+--------+--------+--------+-----+--------+
         Total |   1932 |   1799 |    133 |      0 |   1599 |   3 |  644.0 |
       Dungeon |   1932 |   1799 |    133 |      0 |   1599 |   3 |  644.0 |
               +--------+--------+--------+--------+--------+-----+--------+

Top non-repeatable levels by time:
     D:2: 1089 daAuts
     D:1: 818 daAuts
     D:3: 24 daAuts
